 Dungeon Crawl Stone Soup version 0.28-a0-563-gf77a47075d (webtiles) character file.

Game seed: 4842204995760301334

3488 mg7810 the Chopper (level 9, -20/67 HPs)
             Began as a Demonspawn Fighter on Sept 30, 2021.
             Demolished by an orc knight (23 damage)
             ... in a bailey.
             The game lasted 00:18:48 (6447 turns).

mg7810 the Chopper (Demonspawn Fighter)             Turns: 6447, Time: 00:18:49

Health: -20/67     AC: 22    Str: 23    XL:     9   Next: 80%
Magic:  9/9        EV:  8    Int: 11    God:
Gold:   171        SH:  5    Dex: 12    Spells: 8/8 levels left

rFire   + . .      SeeInvis .   b - +3 broad axe (distort)
rCold   + + .      Faith    .   c - +0 buckler
rNeg    . . .      Spirit   .   l - +3 plate armour of the Hall of Blades {-Tele rElec rC+ Str+4}
rPois   .          Reflect  .   d - +0 helmet
rElec   +          Harm     .   h - +2 cloak
rCorr   .          Rampage  .   (no gloves)
Will    .....      NoTele   +   z - +2 pair of boots of Zingojups {rF+ rC+}
Stlth   ..........              e - amulet of regeneration
HPRegen 3.21/turn               (no ring)
MPRegen 0.22/turn               (no ring)

@: no status effects
A: hooves 2, powered by death 1, magic regeneration, sturdy frame 1
a: no special abilities


You were in a bailey.
You visited 2 branches of the dungeon, and saw 9 of its levels.
You also visited: Ossuary and Bailey.

You collected 399 gold pieces.
You spent 228 gold pieces at shops.

Inventory:

Hand Weapons
 b - a +3 broad axe of distortion (weapon)
Missiles
 g - 3 boomerangs
 j - 5 atropa-tipped darts
 k - 24 poisoned darts (quivered)
 q - 2 javelins
Armour
 c - a +0 buckler (worn)
 d - a +0 helmet (worn)
 h - a +2 cloak (worn)
 l - the +3 plate armour of the Hall of Blades (worn) {-Tele rElec rC+ Str+4}
   (You found it on level 2 of the Dungeon)

   Str:       It affects your strength (+4).
   rC:        It protects you from cold.
   rElec:     It insulates you from electricity.
   -Tele:     It prevents most forms of teleportation.
 z - the +2 pair of boots of Zingojups (worn) {rF+ rC+}
   (You bought it in a shop on level 1 of the Dungeon)

   rF:        It protects you from fire.
   rC:        It protects you from cold.
Jewellery
 e - an amulet of regeneration (around neck)
 f - an amulet of faith
Wands
 p - a wand of paralysis (10)
Scrolls
 m - 3 scrolls of enchant armour
 r - a scroll of teleportation
 E - a scroll of fog
Potions
 a - a potion of resistance {unknown}
 i - 5 potions of magic
 n - a potion of experience {unknown}
 o - 5 potions of curing
 s - 2 potions of mutation
 t - a potion of haste {unknown}
 v - a potion of berserk rage {unknown}
 w - 2 potions of brilliance {unknown}
 x - a potion of lignification {unknown}
 A - 2 potions of invisibility {unknown}
 B - a potion of degeneration {unknown}
 C - 3 potions of cancellation {unknown}
 D - 3 potions of flight
 F - 2 potions of ambrosia {unknown}


   Skills:
 + Level 4.8 Fighting
 + Level 7.3 Axes
 * Level 4.8 Throwing
 + Level 4.3 Armour
 + Level 2.0 Dodging
 + Level 4.6 Shields
 * Level 4.8 Unarmed Combat
 * Level 4.6 Evocations


You had 8 spell levels left.
You didn't know any spells.
Your spell library contained the following spells:

 Spells                   Type           Power      Damage    Failure   Level
 Ensorcelled Hibernation  Hex/Ice        0%         N/A       99%         2
 Ignite Poison            Fire/Tmut/Pois 0%         N/A       100%        3
 Mephitic Cloud           Conj/Pois/Air  0%         N/A       100%        3
 Spider Form              Tmut/Pois      0%         N/A       100%        3
 Freezing Cloud           Conj/Ice/Air   0%         6-21      100%        5


Dungeon Overview and Level Annotations

Branches:
Dungeon (8/15)             Temple (1/1) D:7         Ossuary (visited)
 Bailey (1/1)
   Lair: D:8-11

Altars:
Ashenzari
Cheibriados
Dithmenos
Elyvilon
Fedhas
Gozag
Hepliaklqana
Kikubaaqudgha
Nemelex Xobeh
Qazlal
Ru
Uskayaw
Wu Jian
Xom
Zin
The Shining One

Shops:
D:1 [


Innate Abilities, Weirdness & Mutations

You have hoof-like feet.
You regenerate a little health from kills.
You regenerate magic rapidly.
Your movements are slightly less encumbered by armour. (ER -2)


Message History

The orc moves out of view. x3
An orc knight comes into view. It is wielding a +0 glaive.
The orc knight shouts!
An orc warrior and an orc knight come into view.
Okay, then.
Okay, then.
An orc comes into view. It is wielding a +0 spear.
The orc warrior shouts! x2
There is an open gate here.
The orc knight roars a battlecry!
The orcs go into a battle-frenzy!
The orc knight roars a battlecry!
The orc knight goes into a battle-frenzy!
The orc warrior closely misses you. The orc hits you but does no damage.
You closely miss the orc warrior. You slash the orc!
You kill the orc!
You slash the orc!
You kill the orc!
The orc hits you from afar with a +0 halberd.
The orc hits you but does no damage.
The orc warrior hits you but does no damage.
The orc hits you but does no damage.
The orc hits you from afar with a +0 spear.
The orc hits you from afar with a +0 trident.
The orc warrior closely misses you. The orc closely misses you.
You block the orc knight's attack. You block the orc warrior's attack.
The orc hits you but does no damage. x2
You barely miss the orc knight. You closely miss the orc warrior.
You barely miss the orc warrior. You slash the orc!
You kill the orc!
The orc closely misses you. You block the orc warrior's attack.
You block the orc knight's attack. You block the orc warrior's attack.
The orc hits you from afar with a +0 spear.
The orc knight hits you with a +0 trident!!
The orc hits you from afar with a +0 halberd.
The orc warrior barely misses you. The orc hits you but does no damage.
The orc warrior hits you with a +0 halberd!!
* * * LOW HITPOINT WARNING * * *
The orc knight hits you from afar with a +0 glaive!!
You die...

#.....#
#.....#
#.....#
#.....#
#.....#
##'''##
##.....##
#..o....#
#..o@)..#
#.o.o)o.#
#.ooo...#
#...o...#
##.....##
#+++++#


You could see 2 orc knights, 3 orc warriors and 4 orcs.

Vanquished Creatures
  A manticore (D:7)
  Maggie (D:6)
  A steam dragon (D:7)
  3 orc warriors
  5 ogres
  2 centaurs
  2 phantoms (D:5)
  A bullfrog (D:8)
  5 water moccasin zombies
  3 scorpions
  A water moccasin skeleton (D:3)
  2 howler monkeys (D:5)
  5 orc priests
  A bullfrog zombie (D:5)
  3 jellies
  4 hounds
  Ijyb (D:3)
  4 iguanas
  4 orc wizards
  A hound skeleton (D:5)
  2 mummies (Ossuary)
  4 adders
  A shadow imp (D:7)
  A white imp (D:4)
  3 ufetubi
  4 adder zombies (Ossuary)
  An adder skeleton (D:5)
  2 dart slugs
  38 orcs
  8 ball pythons
  10 bats
  7 endoplasms
  4 giant cockroaches
  4 gnoll zombies (Ossuary)
  10 goblins
  6 hobgoblins
  7 jackals
  4 kobolds
  A quokka (D:1)
  2 frilled lizards
  2 hobgoblin zombies (Ossuary)
  6 kobold zombies (Ossuary)
  3 orc zombies (Ossuary)
  11 rats
191 creatures vanquished.

Vanquished Creatures (others)
  6 plants (D:1)
6 creatures vanquished.

Grand Total: 197 creatures vanquished

Notes
Turn   | Place    | Note
-------+----------+-------------------------------------------
     0 | D:1      | mg7810 the Demonspawn Fighter began the quest for the Orb.
     0 | D:1      | Reached XP level 1. HP: 18/18 MP: 1/1
   271 | D:1      | Found a faded altar of an unknown god.
   364 | D:1      | Reached skill level 2 in Axes
   366 | D:1      | Gained mutation: Your movements are slightly less
                  | encumbered by armour. (ER -2) [demonic ancestry]
   366 | D:1      | Reached XP level 2. HP: 20/24 MP: 2/2
   732 | D:1      | Found Emuir's Antique Armour Shoppe.
  1237 | D:2      | Gained mutation: You have large cloven feet. [demonic
                  | ancestry]
  1237 | D:2      | Reached XP level 3. HP: 23/29 MP: 3/3
  1611 | D:2      | Identified the +3 plate armour of the Hall of Blades {-Tele
                  | rElec rC+ Str+4}
  1624 | D:2      | Identified a scroll of acquirement
  1624 | D:2      | Acquired a +0 broad axe of distortion
  2196 | D:3      | Reached skill level 3 in Axes
  2196 | D:3      | Reached XP level 4. HP: 30/35 MP: 4/4
  2410 | D:3      | Reached skill level 1 in Dodging
  2549 | D:3      | Gained mutation: You have hoof-like feet. [demonic
                  | ancestry]
  2549 | D:3      | Reached XP level 5. HP: 41/41 MP: 5/5
  2761 | D:3      | Noticed Ijyb
  2772 | D:3      | Killed Ijyb
  2926 | D:4      | Noticed an ogre
  2928 | D:4      | Killed an ogre
  2929 | D:4      | Reached skill level 1 in Throwing
  2929 | D:4      | Reached skill level 1 in Unarmed Combat
  3060 | D:4      | Gained mutation: You regenerate a little health from kills.
                  | [demonic ancestry]
  3060 | D:4      | Reached XP level 6. HP: 47/47 MP: 6/6
  3076 | D:4      | Reached skill level 1 in Evocations
  3647 | D:5      | Entered Level 5 of the Dungeon
  3716 | D:5      | Reached XP level 7. HP: 46/52 MP: 7/7
  3717 | D:5      | Reached skill level 4 in Axes
  4051 | D:5      | Gained mutation: You regenerate magic rapidly. [demonic
                  | ancestry]
  4051 | D:5      | Reached XP level 8. HP: 60/60 MP: 8/8
  4084 | D:5      | Reached skill level 5 in Axes
  4478 | D:1      | Bought a pair of twisted boots for 228 gold pieces
  4478 | D:1      | Identified the +2 pair of boots of Zingojups {rF+ rC+} (You
                  | bought it in a shop on level 1 of the Dungeon)
  4713 | D:6      | Found a sand-covered staircase.
  4719 | Ossuary  | Entered an ossuary
  4943 | D:6      | Noticed Maggie
  4950 | D:6      | Killed Maggie
  4961 | D:6      | Reached XP level 9. HP: 66/66 MP: 9/9
  5002 | D:6      | Reached skill level 6 in Axes
  5479 | D:7      | Noticed a manticore
  5491 | D:7      | Killed a manticore
  5646 | D:7      | Identified the +1 robe of Daisies {rN+ Dex+5}
  5809 | D:7      | Found a staircase to the Ecumenical Temple.
  5836 | Temple   | Entered the Ecumenical Temple
  6285 | D:8      | Reached skill level 7 in Axes
  6297 | D:8      | Found a flagged portal.
  6305 | Bailey   | Entered a bailey
  6441 | Bailey   | Noticed an orc knight
  6442 | Bailey   | Noticed an orc knight
  6447 | Bailey   | HP: 3/67 [orc warrior (24)]
  6447 | Bailey   | Demolished by an orc knight

Illustrated notes

Levels and vault maps discovered:
D:1:      mushboom_english_gardens, layout_loops_corners, serial_shops,
          nicolae_shop_statue_plus, shapermc_ecumenical_altar_flowoftime,
          st_stairs_10, serial_bayou_lagoon_a, due_unseen_surprise
D:2:      layout_loops_cross, dk_noncrumbling_3
D:3:      layout_loops_ring, uniq_ijyb
D:4:      layout_loops_ring, minmay_fractal_squares_gapless_5
D:5:      layout_basic, minmay_bent
D:6:      layout_loops_ring, nicolae_ossuary_entry_plus, chequers_jeans,
          uniq_maggie
D:7:      layout_loops_ring, minmay_temple_entry_crystal_x
D:8:      layout_loops_corners, enter_bailey_2
Temple:   regret_index_temple_sphere_string
Bailey:   bailey_polearm_5, bailey

Skill      XL: |  1  2  3  4  5  6  7  8  9 |
---------------+----------------------------+-----
Axes           | 2 3 4 5 7 |  7.3
Armour         | 3 4 |  4.3
Shields        | 3 4 |  4.6
Dodging        | 1 2 |  2.0
Throwing       | 1 2 3 4 |  4.8
Unarmed Combat | 1 2 4 |  4.8
Evocations     | 1 2 3 4 |  4.6
Fighting       | 4 |  4.8

Action                   |  1- 3 |  4- 6 |  7- 9 || total
-------------------------+-------+-------+-------++-------
Melee: War axe           |   103 |       |       ||   103
       Broad axe         |    32 |   110 |   207 ||   349
       Kick              |     4 |       |       ||     4
Throw: Dart              |       |     1 |     5 ||     6
Evoke: Wand              |       |     2 |     2 ||     4
  Use: Scroll            |     3 |     2 |    12 ||    17
       Potion            |       |       |     2 ||     2
 Stab: Paralysed         |       |       |     4 ||     4
Armor: Scale mail        |    67 |       |       ||    67
       Plate armour      |    20 |    57 |   175 ||   252
Dodge: Dodged            |    97 |    35 |   124 ||   256
Block: Buckler           |    73 |    61 |    89 ||   223
       Reflection        |       |       |     1 ||     1

Table legend: (Time is in decaauts)
 A = Elapsed time spent in this place.
 B = Non-inter-level travel time spent in this place.
 C = Inter-level travel time spent in this place.
 D = Time resting spent in this place.
 E = Time spent auto-exploring this place.
 F = Levels seen in this place.
 G = Mean time per level.
                   A        B        C        D        E       F      G
               +--------+--------+--------+--------+--------+-----+--------+
         Total |   6625 |   6255 |    370 |      0 |   4495 |  11 |  602.3 |
       Dungeon |   6130 |   5760 |    370 |      0 |   4255 |   8 |  766.2 |
        Temple |    168 |    168 |      0 |      0 |    127 |   1 |  168.0 |
       Ossuary |    180 |    180 |      0 |      0 |     66 |   1 |  180.0 |
        Bailey |    145 |    145 |      0 |      0 |     47 |   1 |  145.0 |
               +--------+--------+--------+--------+--------+-----+--------+

Top non-repeatable levels by time:
     D:1: 1314 daAuts
     D:3: 990 daAuts
     D:2: 871 daAuts
     D:5: 816 daAuts
     D:4: 797 daAuts
     D:7: 651 daAuts
     D:6: 639 daAuts
 Ossuary: 180 daAuts
  Temple: 168 daAuts
  Bailey: 145 daAuts
     D:8: 50 daAuts
